 Dungeon Crawl Stone Soup version 0.25.0-1-g7eea58d2a3 (webtiles) character file.

Game seed: 2318771055340263070

1164 Descartes the Firebug (level 8, -8/52 HPs)
             Began as a Formicid Fire Elementalist on June 14, 2020.
             Was a Follower of Vehumet.
             Mangled by an orc warrior
             ... wielding a +0 glaive
              (13 damage)
             ... on level 6 of the Dungeon.
             The game lasted 00:33:15 (8224 turns).

Descartes the Firebug (Formicid Fire Elementalist)  Turns: 8224, Time: 00:33:15

Health: -8/52      AC: 11    Str: 15    XL:     8   Next: 67%
Magic:  15/15      EV:  8    Int: 15    God:    Vehumet [*.....]
Gold:   196        SH:  0    Dex: 15    Spells: 6/17 levels left

rFire    . . .     SeeInvis +   A - +0 broad axe
rCold    . . .     Gourm    .   (no shield)
rNeg     . . .     Faith    .   i - +1 chain mail of the Witching Youths {rElec Dex+4}
rPois    .         Spirit   .   (helmet unavailable)
rElec    +         Reflect  .   (no cloak)
rCorr    .         Harm     .   o - +0 pair of gloves
MR       ++...                  (no boots)
Stlth    ..........             (no amulet)
HPRegen  0.17/turn              t - ring of flight
MPRegen  0.14/turn              (no ring)

@: no status effects
A: permanent stasis, dig shafts and tunnels, four strong arms, antennae 3, magic
resistance 2, wild magic 1
a: Dig, Shaft Self, Renounce Religion, Evoke Flight


You were on level 6 of the Dungeon.
You worshipped Vehumet.
Vehumet was aware of your devotion.
You were very hungry.

You visited 2 branches of the dungeon, and saw 8 of its levels.

You collected 196 gold pieces.

Inventory:

Hand Weapons
 w - a +2 club
 A - a +0 broad axe (weapon)
Missiles
 b - 94 arrows
 e - 137 stones
 f - 13 boomerangs
 p - 56 bolts
 r - 19 poisoned darts
 v - 5 atropa-tipped darts (quivered)
Armour
 a - a +0 robe
 i - the +1 chain mail of the Witching Youths (worn) {rElec Dex+4}
   (You found it on level 6 of the Dungeon)

   It affects your dexterity (+4).
   It insulates you from electricity.
 k - a +0 ring mail
 o - a +0 pair of gloves (worn)
Jewellery
 t - a ring of flight (left hand)
Wands
 g - a wand of random effects (13)
 z - a wand of flame (12)
Scrolls
 l - 2 scrolls of remove curse
 m - 2 scrolls of magic mapping {unknown}
 x - a scroll of fog {unknown}
Potions
 d - a potion of invisibility {unknown}
 h - 2 potions of cancellation
 j - a potion of brilliance
 n - a potion of mutation
 C - a potion of flight {unknown}
Comestibles
 c - 6 rations


   Skills:
 + Level 4.8 Armour
 - Level 3.0 Dodging
 - Level 2.4 Stealth
 + Level 5.1 Spellcasting
 + Level 4.2 Conjurations
 + Level 5.5 Fire Magic


You had 6 spell levels left.
You knew the following spells:

 Your Spells              Type           Power        Failure   Level  Hunger
a - Foxfire               Conj/Fire      ###.         45%         1    None
b - Sticky Flame          Conj/Fire      ###.....     99%         4    ####...
c - Fireball              Conj/Fire      ###.......   100%        5    ######.
d - Shock                 Conj/Air       ##..         83%         1    None

Your spell library contained the following spells:

 Spells                   Type           Power        Failure   Level  Hunger
 Conjure Flame            Conj/Fire      ###.....     82%         3    ###....
 Inner Flame              Hex/Fire       ###.....     97%         3    ###....


Dungeon Overview and Level Annotations

Branches:
Dungeon (7/15)             Temple (1/1) D:6

Altars:
Ashenzari
Cheibriados
Dithmenos
Elyvilon
Fedhas
Hepliaklqana
Makhleb
Nemelex Xobeh
Okawaru
Sif Muna
Uskayaw
Vehumet
Wu Jian
Xom
Yredelemnul
Zin
The Shining One

Annotations:
D:4 Sigmund


Innate Abilities, Weirdness & Mutations

You cannot be hasted, slowed, berserked, paralysed or teleported.
You can dig through walls and to a lower floor.
Your four strong arms can wield two-handed weapons with a shield.
You have a pair of large antennae on your head. (SInv)
You are highly resistant to hostile enchantments. (MR++)
Your spells are a little harder to cast, but a little more powerful.


Message History

The orc warrior hits you from afar with a +0 glaive.
* * * LOW HITPOINT WARNING * * *
You extend your mandibles.
You dig through the rock wall.
You hear a shout!
The orc wizard hits you but does no damage.
The orc warrior hits you from afar with a +0 glaive.
* * * LOW HITPOINT WARNING * * *
You dig through the rock wall.
You retract your mandibles.
An orc warrior and an orc wizard come into view.
The orc warrior shouts!
The orc wizard shouts!
The orc warrior throws a boomerang.
The boomerang closely misses you.
The weapon returns to the orc warrior!
The orc wizard moves out of view.
You feel better.
The orc warrior throws a boomerang.
The boomerang hits you!
* * * LOW HITPOINT WARNING * * *
The weapon returns to the orc warrior!
The orc wizard hits you but does no damage.
The orc warrior hits you from afar with a +0 glaive!
You die...

#......# #.# ##.#
#{# #.#.#### #.#
#.## #{#
#.#.######.# ##.#
#§#
#..........###{##
#.#
###.######.##{##
#.o #.# #.##.# ###
#.# #.##o#
####.######.oo.# #
#...#......@##.#
##
#.##.######.#.##
##########. #.##.#
#.o#####..........
#.##.#
#..o......⌠...###.
#.##.#
####.##......## ##
#.##.# #.###⌠.>.⌠#
# #.##<## #.#
#.....# #<#...##
#.# #..⌠..#
#......#######.#
#.....#####


You could see 2 orc warriors, 2 orc wizards and an orc.

Vanquished Creatures
  Menkaure (D:6)
  An ice beast (D:7)
  A phantom (D:5)
  A bullfrog (D:6)
  A wyvern zombie (D:6)
  A scorpion (D:3)
  Dowan (D:4)
  A howler monkey (D:4)
  A crimson imp (D:5)
  A centaur zombie (D:5)
  2 hounds
  An iguana (D:6)
  2 orc wizards
  6 worker ants
  Robin (D:3)
  4 gnolls
  6 adders
  2 shadow imps
  An ooze (D:1)
  5 worms
  2 dart slugs
  3 leopard geckos
  9 orcs
  6 giant cockroaches
  13 goblins
  17 hobgoblins
  17 jackals
  4 quokkas
  3 ball pythons
  8 bats
  7 frilled lizards
  A jackal skeleton (D:5)
  5 kobolds
  A quokka skeleton (D:4)
  10 rats
146 creatures vanquished.

Vanquished Creatures (collateral kills)
  A rat (D:1)
1 creature vanquished.

Vanquished Creatures (others)
  460 foxfires
460 creatures vanquished.

Grand Total: 607 creatures vanquished

Notes
Turn   | Place    | Note
-------+----------+-------------------------------------------
     0 | D:1      | Descartes the Formicid Fire Elementalist began the quest
                  | for the Orb.
     0 | D:1      | Reached XP level 1. HP: 13/13 MP: 3/3
    63 | D:1      | Reached skill level 1 in Conjurations
   148 | D:1      | Reached XP level 2. HP: 19/19 MP: 1/5
   517 | D:1      | Reached skill level 1 in Armour
   517 | D:1      | Reached XP level 3. HP: 24/24 MP: 2/6
  1051 | D:2      | Reached XP level 4. HP: 30/30 MP: 0/8
  1486 | D:2      | Learned a level 4 spell: Sticky Flame
  2326 | D:3      | Reached XP level 5. HP: 25/35 MP: 2/9
  2443 | D:3      | Learned a level 5 spell: Fireball
  3529 | D:3      | Reached XP level 6. HP: 19/41 MP: 1/10
  3782 | D:3      | Found a radiant altar of Vehumet.
  4076 | D:3      | Became a worshipper of Vehumet
  4655 | D:4      | Noticed Robin
  4714 | D:3      | HP: 2/41 [poisoned by a scorpion]
  5020 | D:3      | Gained mutation: You are resistant to hostile enchantments.
                  | (MR+) [potion of mutation]
  5020 | D:3      | Gained mutation: You are highly resistant to hostile
                  | enchantments. (MR++) [potion of mutation]
  5020 | D:3      | Gained mutation: Your spells are a little harder to cast,
                  | but a little more powerful. [potion of mutation]
  5034 | D:3      | Killed Robin
  5270 | D:4      | Reached XP level 7. HP: 46/46 MP: 8/12
  5358 | D:4      | Noticed Dowan
  5503 | D:4      | Killed Dowan
  5586 | D:4      | Noticed Sigmund
  5593 | D:5      | Entered Level 5 of the Dungeon
  5609 | D:5      | Reached * piety under Vehumet
  5609 | D:5      | Offered knowledge of Shock by Vehumet.
  5615 | D:5      | HP: 2/46 [centaur zombie (7)]
  5900 | D:5      | Learned a level 1 spell: Shock
  5952 | D:5      | Found an ornate altar of the Wu Jian Council.
  6826 | D:5      | Reached XP level 8. HP: 51/52 MP: 7/14
  7077 | D:5      | Reached skill level 5 in Fire Magic
  7343 | D:6      | Noticed Menkaure
  7357 | D:6      | Found a staircase to the Ecumenical Temple.
  7364 | D:6      | Got a steaming chain mail
  7368 | Temple   | Entered the Ecumenical Temple
  7381 | Temple   | Identified the +1 chain mail of the Witching Youths {rElec
                  | Dex+4} (You found it on level 6 of the Dungeon)
  7723 | D:6      | Killed Menkaure
  7901 | D:7      | Reached skill level 5 in Spellcasting
  8221 | D:6      | HP: 2/52 [orc warrior/+0 glaive (5)]
  8224 | D:6      | Mangled by an orc warrior

Illustrated notes

Levels and vault maps discovered:
D:1:      minmay_arrival_four_circles, layout_basic, nrook_loot_triangle
D:2:      layout_basic, first_ration
D:3:      layout_rooms, marbit_many_paths, minmay_stone_trees_small,
          hangedman_decor_lopped
D:4:      layout_cave_pools, corexii_mini_fake_secret_closet, uniq_duvessa,
          uniq_pikel, uniq_sigmund, uniq_robin
D:5:      layout_gridville, old_standard_altar, lemuel_flamethrower_2
D:6:      layout_loops_ring, lemuel_round_altar, kennysheep_mini,
          temple_fountains, lemuel_blue_sif_altar, uniq_crazy_yiuf_cottage,
          uniq_edmund, uniq_menkaure
D:7:      layout_cave_pools, kennysheep_vampire_church, serial_bayou,
          serial_bayou_pond_b, serial_bayou_pond_e, serial_bayou_crossing,
          serial_bayou_lagoon_b, serial_bayou_lake_a, grunt_ogre_cave,
          minmay_door_square, kennysheep_path_1
Temple:   regret_index_temple_waves

Skill      XL: |  1  2  3  4  5  6  7  8 |
---------------+-------------------------+-----
Conjurations   | 1 2 3 4 |  4.2
Dodging        | 2 3 |  3.0
Armour         | 1 2 3 4 |  4.8
Spellcasting   | 3 4 5 |  5.1
Fire Magic     | 4 5 |  5.5
Stealth        | |  2.4

Action                   |  1- 3 |  4- 6 |  7- 9 || total
-------------------------+-------+-------+-------++-------
Melee: Unarmed           |     1 |       |       ||     1
       Club              |       |    11 |     2 ||    13
       Mace              |       |    17 |       ||    17
       Broad axe         |       |       |    76 ||    76
 Cast: Foxfire           |    45 |   156 |    80 ||   281
 Abil: Dig               |       |       |     5 ||     5
Evoke: Wand              |       |       |    15 ||    15
  Use: Scroll            |       |     4 |     3 ||     7
       Potion            |       |     1 |     3 ||     4
  Eat: Chunk             |     1 |    14 |     9 ||    24
Armor: Ring mail         |     9 |    52 |    70 ||   131
       Chain mail        |       |       |    28 ||    28
       Skin              |       |       |     7 ||     7
Dodge: Dodged            |    17 |    78 |   131 ||   226
